 Dungeon Crawl Stone Soup version 0.31-a0-232-gb1c03b2570 (webtiles) character file.

Game seed: 12711833248242597145

84 qw the Shooter (level 4, -1/26 HPs)
             Began as a Gargoyle Hexslinger on July 7, 2023.
             Slain by a gnoll
             ... wielding a +0 club
              (3 damage)
             ... on level 2 of the Dungeon.
             The game lasted 00:00:40 (1331 turns).

qw the Shooter (Gargoyle Hexslinger)                Turns: 1331, Time: 00:00:40

Health: -1/26      AC:  5    Str: 11    XL:     4   Next: 46%
Magic:  5/5        EV: 12    Int: 14    God:
Gold:   71         SH:  0    Dex: 14    Spells: 4/5 levels left

rFire   . . .        Y - +1 sling
rCold   . . .        (no shield)
rNeg    + . .        c - +0 robe
rPois   inf          (no helmet)
rElec   +            (no cloak)
rCorr   .            (no gloves)
SInv    .            (no boots)
Will    .....        (no amulet)
Stlth   +            (no ring)
HPRegen 0.24/turn    (no ring)
MPRegen 0.09/turn

%: no passive effects
@: no status effects
A: sickness immunity, AC +3, negative energy resistance 1, electricity
resistance, torment resistance 1, petrification resistance
a: no special abilities


You were on level 2 of the Dungeon.
You visited 1 branch of the dungeon, and saw 2 of its levels.

You collected 71 gold pieces.


Innate Abilities, Weirdness & Mutations

You are immune to sickness and miasma.
Your stone body is resilient. (AC +3)
You are immune to poison.
You resist negative energy. (rN+)
You are resistant to electric shocks. (rElec)
You are resistant to unholy torment.
You are immune to petrification.


   Skills:
 - Level 2.1 Fighting
 + Level 4.2 Ranged Weapons
 - Level 1.5 Dodging
 - Level 1.0 Spellcasting
 - Level 2.6 Hexes


You had 4 spell levels left.
You knew the following spells:

 Your Spells              Type           Power      Damage    Failure   Level
a - Slow                  Hex            32%        N/A       9%          1

Your spell library contained the following spells:

 Spells                   Type           Power      Damage    Failure   Level
 Inner Flame              Hex/Fire       4%         N/A       41%         3
 Portal Projectile        Hex/Tloc       8%         N/A       41%         3
 Cause Fear               Hex            4%         N/A       65%         4

Inventory:

Hand Weapons
 Y - a +1 sling (weapon)
Armour
 a - a +0 helmet
 c - a +0 robe (worn)
Scrolls
 e - 2 scrolls of identify
Potions
 f - a potion of berserk rage {unknown}
 j - a potion of resistance {unknown}
 k - a potion of heal wounds {unknown}

Dungeon Overview and Level Annotations

Branches:
Dungeon (2/15)

Altars:

Shops:
D:1 [


Message History

You shoot a sling bullet.
The sling bullet hits the gnoll but does no damage.
The gnoll is moderately wounded.
The gnoll hits you with a +0 flail.
You shoot a sling bullet.
The sling bullet hits the gnoll but does no damage.
The gnoll is moderately wounded.
The gnoll hits you with a +0 club. The gnoll hits you with a +0 flail.
You shoot a sling bullet.
The sling bullet barely misses the gnoll.
The gnoll barely misses you. The gnoll hits you with a +0 flail.
You shoot a sling bullet.
The sling bullet hits the gnoll but does no damage.
The gnoll is moderately wounded.
The gnoll completely misses you. The gnoll closely misses you.
You shoot a sling bullet. The sling bullet hits the gnoll.
The gnoll is severely wounded.
The gnoll hits you with a +0 club. The gnoll hits you but does no damage.
The gnoll hits you with a +0 club. The gnoll hits you but does no damage.
You shoot a sling bullet.
The sling bullet hits the gnoll but does no damage.
The gnoll is severely wounded.
The gnoll misses you. The gnoll hits you with a +0 club.
You shoot a sling bullet. The sling bullet hits the gnoll.
You kill the gnoll!
The gnoll misses you.
You shoot a sling bullet.
The sling bullet closely misses the gnoll.
The gnoll barely misses you.
You shoot a sling bullet. The sling bullet hits the gnoll.
The gnoll is lightly wounded.
The gnoll misses you.
You shoot a sling bullet. The sling bullet hits the gnoll.
The gnoll is lightly wounded.
The gnoll hits you with a +0 club. x2
You shoot a sling bullet.
The sling bullet hits the gnoll but does no damage.
The gnoll is lightly wounded.
The gnoll hits you with a +0 club.
You die...

..# ...# #...# #...#
# #######...#####
###..#..............
......)@............
.##..#g.............
# #####.......#
#.#...#.# #
#.......## #
#........# ##
#.....#..# ##.
#........# ##..
##.#.#...# #...


You could see a gnoll.

Vanquished Creatures
  Robin (D:2)
  2 gnolls (D:2)
  A dart slug (D:1)
  4 endoplasms (D:1)
  3 giant cockroaches (D:1)
  3 hobgoblins (D:1)
  7 jackals (D:1)
  2 kobolds (D:1)
  5 ball pythons
  2 bats (D:1)
  5 frilled lizards (D:1)
  12 goblins
  A rat (D:1)
48 creatures vanquished.

Notes
Turn   | Place    | Note
-------+----------+-------------------------------------------
     0 | D:1      | qw the Gargoyle Hexslinger began the quest for the Orb.
     0 | D:1      | Reached XP level 1. HP: 12/12 MP: 2/2
     0 | D:1      | 0 ||| qw: Version: 0.3-a-46-gb1f654a
     0 | D:1      | 0 ||| qw: Game counter: 2676
     0 | D:1      | 0 ||| qw: Melee chars always use a shield: true
     0 | D:1      | 0 ||| qw: God list: Okawaru
     0 | D:1      | 0 ||| qw: Allow faded altars: false
     0 | D:1      | 0 ||| qw: Do Orc after clearing Dungeon:15 true
     0 | D:1      | 0 ||| qw: Do second Lair branch before Depths: true
     0 | D:1      | 0 ||| qw: Lair rune preference: random
     0 | D:1      | 0 ||| qw: Goals: Normal
     0 | D:1      | 0 ||| PLANNING D:1-11
   135 | D:1      | Reached XP level 2. HP: 15/16 MP: 3/3
   150 | D:1      | Found Rerusost's Armour Emporium.
   158 | D:1      | 158 ||| SHOPLISTING +0 leather armour (24 gold, have 17).
   158 | D:1      | 158 ||| SHOPLISTING +0 ring mail (48 gold, have 17).
   170 | D:1      | Reached skill level 3 in Ranged Weapons
   312 | D:1      | Reached XP level 3. HP: 7/21 MP: 4/4
   313 | D:1      | HP: 5/21 [jackal (2)]
   764 | D:1      | You fall into a shaft and drop 1 floor!
   790 | D:2      | 790 ||| DROPPING amulet of magic regeneration.
   791 | D:2      | 791 ||| FLEEEEING.
   792 | D:2      | 792 ||| FLEEEEING.
   792 | D:2      | Noticed Robin
   793 | D:2      | 793 ||| FLEEEEING.
   794 | D:2      | 794 ||| FLEEEEING.
   795 | D:2      | 795 ||| FLEEEEING.
   796 | D:2      | 796 ||| FLEEEEING.
   797 | D:2      | 797 ||| STAIRDANCE
   978 | D:1      | 978 ||| READING scroll labelled ZOIDAMO ESULL.
   979 | D:1      | 979 ||| READING 2 scrolls labelled ROMIONEWEA.
   980 | D:1      | 980 ||| READING scroll labelled UKEAMU TERE.
  1081 | D:1      | 1081 ||| READING scroll labelled FOYRUA IFIDENK.
  1082 | D:1      | 1082 ||| DROPPING scroll of poison.
  1120 | D:2      | 1120 ||| STAIRDANCE
  1153 | D:2      | 1153 ||| STAIRDANCE
  1200 | D:2      | Killed Robin
  1201 | D:2      | Reached XP level 4. HP: 12/26 MP: 5/5
  1201 | D:2      | 1201 ||| FLEEEEING.
  1202 | D:2      | 1202 ||| FLEEEEING.
  1203 | D:2      | 1203 ||| STAIRDANCE
  1264 | D:2      | 1264 ||| STAIRDANCE
  1321 | D:2      | Reached skill level 4 in Ranged Weapons
  1326 | D:2      | HP: 5/26 [gnoll/+0 club (2)]
  1330 | D:2      | HP: 2/26 [gnoll/+0 club (4)]
  1331 | D:2      | Slain by a gnoll

Levels and vault maps discovered:
D:1:      evilmike_arrival_fibonacci_small, layout_basic, serial_shops,
          nicolae_shop_pleasant_corner_grove, hangedman_decor_lopped,
          nicolae_concentric_dashed_squares_wild
D:2:      layout_loops_cross, basic_altar, minmay_tromino_v4_b, uniq_robin

Skill      XL: |  1  2  3  4 |
---------------+-------------+-----
Ranged Weapons | 3 4 |  4.2
Fighting       | 2 |  2.1
Dodging        | |  1.5
Spellcasting   | |  1.0
Hexes          | |  2.6

Action                     |  1- 3 |  4- 6 || total
---------------------------+-------+-------++-------
   Fire: Sling             |   152 |    25 ||   177
    Use: Scroll            |     4 |       ||     4
 Armour: Robe              |    46 |     3 ||    49
  Dodge: Dodged            |    89 |    15 ||   104

Table legend:
 A = Non-vault XP
 B = Vault XP
 C = Vault XP percentage of total XP
 D = Non-vault monster count
 E = Vault monster count
 F = Vault count percentage of total count
                 A         B        C        D         E       F
            +---------+---------+-------+---------+---------+-------
      Total |      93 |      28 |  23.1 |      40 |       8 |  16.7
            +---------+---------+-------+---------+---------+-------
        D:1 |      61 |       4 |   6.2 |      35 |       2 |   5.4
        D:2 |      32 |      24 |  42.9 |       5 |       6 |  54.5
            +---------+---------+-------+---------+---------+-------
